 Dungeon Crawl Stone Soup version 0.29.1-4-g47bece8355 (webtiles) character file.

Game seed: 3630395899695706677

994 GorkyZ the Twirler (level 8, -2/48 HPs)
             Began as a Gargoyle Gladiator on Dec 4, 2022.
             Slain by an orc
             ... wielding a +0 trident
              (6 damage)
             ... on level 4 of the Dungeon.
             The game lasted 00:12:34 (4818 turns).

GorkyZ the Twirler (Gargoyle Gladiator)             Turns: 4818, Time: 00:12:36

Health: -2/48      AC: 28    Str: 25    XL:     8   Next: 19%
Magic:  8/8        EV: 11    Int: 10    God:
Gold:   247        SH:  0    Dex: 11    Spells: 7/7 levels left

rFire   . . .      SeeInvis .   H - +1 scythe (protect)
rCold   . . .      Faith    .   (shield currently unavailable)
rNeg    + . .      Spirit   .   h - +0 scale mail
rPois   ∞          Reflect  .   c - +0 helmet
rElec   +          Harm     .   o - +1 cloak
rCorr   .          Rampage  .   k - +0 pair of gloves
Will    .....                   i - +0 pair of boots
Stlth   ..........              (no amulet)
HPRegen 0.16/turn               l - +6 ring of strength
MPRegen 0.11/turn               u - +4 ring of protection

@: under a protective aura
A: sickness immunity, AC +5, negative energy resistance 1, electricity
resistance, torment resistance 1, petrification resistance
a: no special abilities


You were on level 4 of the Dungeon.
You visited 1 branch of the dungeon, and saw 4 of its levels.
You also visited: Sewer.

You collected 247 gold pieces.

Inventory:

Hand Weapons
 a - a +0 quarterstaff
 p - a +1 spear of freezing
 v - a +0 morningstar
 B - a +2 trident of venom
 H - a +1 scythe of protection (weapon)
Missiles
 d - 3 throwing nets
 e - 7 javelins
 n - 23 poisoned darts
 s - 3 boomerangs (quivered)
 y - a curare-tipped dart
Armour
 b - a +0 leather armour
 c - a +0 helmet (worn)
 g - a +0 ring mail
 h - a +0 scale mail (worn)
 i - a +0 pair of boots (worn)
 k - a +0 pair of gloves (worn)
 o - a +1 cloak (worn)
 C - a +0 plate armour
Jewellery
 l - a +6 ring of strength (left hand)
 r - a +6 ring of dexterity
 t - a ring of willpower
 u - a +4 ring of protection (right hand)
Wands
 A - a wand of flame (29)
Scrolls
 f - 7 scrolls of identify
 j - a scroll of silence
 D - a scroll of enchant armour
 I - a scroll of teleportation {unknown}
Potions
 m - a potion of invisibility
 q - 3 potions of haste {unknown}
 w - 3 potions of curing {unknown}
 x - 4 potions of heal wounds {unknown}
 z - a potion of berserk rage {unknown}
 E - a potion of might {unknown}
 F - a potion of cancellation {unknown}
 G - 3 potions of mutation {unknown}


   Skills:
 + Level 3.9 Fighting
 - Level 2.4(2.8) Axes
 + Level 2.0(3.6) Polearms
 - Level 4.2(4.5) Staves
 + Level 3.4 Throwing
 + Level 2.9 Armour
 + Level 3.6 Dodging
 + Level 3.1 Shields
 + Level 2.4 Evocations


You had 7 spell levels left.
You didn't know any spells.
Your spell library contained the following spells:

 Spells                   Type           Power      Damage    Failure   Level
 Static Discharge         Conj/Air       0%         3-3/arc   80%         2
 Call Canine Familiar     Summ           0%         N/A       95%         3
 Portal Projectile        Hex/Tloc       0%         N/A       95%         3
 Animate Dead             Necr           0%         N/A       100%        4
 Leda's Liquefaction      Hex/Erth       0%         N/A       100%        4
 Borgnjor's Vile Clutch   Necr/Erth      0%         N/A       100%        5
 Lightning Bolt           Conj/Air       0%         1d11      100%        5
 Death Channel            Necr           0%         N/A       100%        6
 Maxwell's Capacitive Co  Air            0%         ∞         100%        8


Dungeon Overview and Level Annotations

Branches:
Dungeon (4/15)              Sewer (visited)
 Temple: D:4-7

Altars:
Makhleb
Zin

Shops:
D:4 (


Innate Abilities, Weirdness & Mutations

You are immune to sickness and miasma.
Your stone body is resilient. (AC +5)
You are immune to poison.
You resist negative energy. (rN+)
You are resistant to electric shocks. (rElec)
You are resistant to unholy torment.
You are immune to petrification.


Message History

The orc hits you but does no damage. x2
You barely miss the orc priest.
The orc priest is moderately wounded.
The orc priest barely misses you. The orc hits you but does no damage.
You hit the orc priest but do no damage.
The orc priest is moderately wounded.
The orc priest hits you but does no damage.
The orc hits you but does no damage.
The orc hits you from afar with a +0 trident.
* * * LOW HITPOINT WARNING * * *
The orc priest closely misses you. The orc hits you but does no damage.
The orc misses you.
Okay, then.
Okay, then.
You hit the orc priest but do no damage.
The orc priest is moderately wounded.
The orc priest misses you. The orc closely misses you. x2
You puncture the orc priest!
The orc priest is almost dead.
The orc priest barely misses you. The orc closely misses you.
The orc hits you but does no damage.
You puncture the orc priest!
You kill the orc priest!
The orc hits you but does no damage.
You hit the orc but do no damage. The orc closely misses you. x2
The orc hits you but does no damage. The orc closely misses you.
You slash the orc!
You kill the orc!
The orc hits you but does no damage.
You are too injured to fight recklessly!
You are too injured to fight recklessly!
You are too injured to fight recklessly!
You are too injured to fight recklessly!
You are too injured to fight recklessly!
Reach: H) +1 scythe (protect)
Press: ? - help, Dir - move target, f - orc
Aim: an orc, wielding a +0 trident and quivering stones (about 50% to evade your +1 scythe of protection)
You reach to attack!
You barely miss the orc.
The orc hits you from afar with a +0 trident.
You die...

#.........(# #..........#
#..........# #####.[........#
# #...#..........# #
#...##........## #
######...#)o........######
.....#...#................
#.....@).).............
###..............†....†
####.##......................
............##..........(....
########....###......#.##.#.#
##.....# ##[..###.##.#.#
##..#..## #.### #.......
##..###....##.######......
#..## ###.#......##.#....


You could see an orc.

Vanquished Creatures
  Sigmund (D:4)
  4 kobold brigands
  A scorpion (D:4)
  A necrophage (D:4)
  An orc priest (D:4)
  Natasha (twice) (D:3)
  An iguana (D:4)
  An orc wizard (D:3)
  8 gnolls (D:3)
  4 adders
  2 river rats (D:4)
  A worm (D:4)
  3 dart slugs
  6 orcs
  11 endoplasms
  3 giant cockroaches
  6 hobgoblins
  2 jackals (D:1)
  59 kobolds
  8 quokkas
  9 ball pythons
  12 bats
  8 frilled lizards
  6 goblins
  7 rats
167 creatures vanquished.

Vanquished Creatures (others)
  A plant (Sewer)
1 creature vanquished.

Grand Total: 168 creatures vanquished

Notes
Turn   | Place    | Note
-------+----------+-------------------------------------------
     0 | D:1      | GorkyZ the Gargoyle Gladiator began the quest for the Orb.
     0 | D:1      | Reached XP level 1. HP: 12/12 MP: 1/1
   169 | D:1      | Reached XP level 2. HP: 15/17 MP: 2/2
   698 | D:1      | Reached XP level 3. HP: 22/22 MP: 3/3
   895 | D:1      | Reached skill level 1 in Shields
  1230 | D:2      | Reached skill level 1 in Armour
  1489 | D:2      | Reached XP level 4. HP: 26/27 MP: 4/4
  1696 | D:3      | Reached skill level 1 in Evocations
  1743 | D:3      | Found a faded altar of an unknown god.
  1789 | D:3      | Found a burning altar of Makhleb.
  1970 | D:3      | Noticed Natasha
  1976 | D:3      | Killed Natasha
  2277 | D:3      | Reached XP level 5. HP: 31/31 MP: 5/5
  2285 | D:3      | Reached skill level 1 in Axes
  2299 | D:3      | Noticed a kobold brigand
  2309 | D:3      | Killed a kobold brigand
  2511 | D:3      | HP: 1/32 [spore (14)]
  2512 | D:3      | Reached XP level 6. HP: 2/37 MP: 6/6
  3036 | D:3      | Reached skill level 1 in Polearms
  3240 | D:3      | Found a glowing silver altar of Zin.
  3303 | D:3      | Noticed Natasha
  3308 | D:3      | Killed Natasha
  3309 | D:3      | Reached XP level 7. HP: 35/41 MP: 7/7
  3776 | D:4      | Found a glowing drain.
  3780 | Sewer    | Entered a sewer
  3951 | Sewer    | Reached skill level 4 in Staves
  4241 | D:4      | Found Mena Deo's Antique Weapon Boutique.
  4548 | D:4      | Noticed Sigmund
  4564 | D:4      | Killed Sigmund
  4565 | D:4      | Reached XP level 8. HP: 21/48 MP: 8/8
  4812 | D:4      | HP: 2/48 [orc/+0 trident (1)]
  4818 | D:4      | Slain by an orc

Illustrated notes

Levels and vault maps discovered:
D:1:      minmay_arrival_pointy, layout_basic, minmay_distorted
D:2:      layout_basic, minmay_lizard_pond
D:3:      minmay_goblin_kobold_castle, layout_basic,
          mainiacjoe_overflow_24_doors, zin_treasury,
          shapermc_ecumenical_altar_mp_highgroup, minmay_misc_feat_iff,
          uniq_natasha
D:4:      layout_rooms, serial_shops, nicolae_inconvenience_store,
          gup_sewer_entry_spiral, uniq_sigmund

Skill      XL: |  1  2  3  4  5  6  7  8 |
---------------+-------------------------+-----
Throwing       | 2 3 |  3.4
Shields        | 1 2 3 |  3.1
Armour         | 1 2 |  2.9
Evocations     | 1 2 |  2.4
Axes           | 1 2 |  2.4
Dodging        | 3 |  3.6
Fighting       | 3 |  3.9
Polearms       | 1 2 |  2.0
Staves         | 4 |  4.2

Action                   |  1- 3 |  4- 6 |  7- 9 || total
-------------------------+-------+-------+-------++-------
Melee: Quarterstaff      |   135 |    33 |       ||   168
       Trident           |       |   147 |   130 ||   277
       Punch             |       |     2 |     1 ||     3
       Halberd           |       |       |    25 ||    25
  Use: Scroll            |       |     4 |       ||     4
Armor: Scale mail        |   118 |   129 |    79 ||   326
Dodge: Dodged            |   129 |   124 |    89 ||   342
